 Dungeon Crawl Stone Soup version 0.29-a0-504-gec6baf379c (webtiles) character file.

Game seed: 4156522595487959248

79 Bruhh the Skirmisher (level 4, 0/30 HPs)
             Began as a Gargoyle Monk on May 28, 2022.
             Slain by a goblin
             ... wielding a +0 club
             ... led by Robin
              (2 damage)
             ... on level 3 of the Dungeon.
             The game lasted 00:02:47 (2755 turns).

Bruhh the Skirmisher (Gargoyle Monk)                Turns: 2755, Time: 00:02:47

Health: 0/30       AC:  6    Str: 17    XL:     4   Next: 38%
Magic:  4/4        EV: 12    Int: 10    God:
Gold:   147        SH:  0    Dex: 12    Spells: 3/3 levels left

rFire   . . .      SeeInvis .   a - +0 mace
rCold   . . .      Faith    .   (no shield)
rNeg    + . .      Spirit   .   b - +0 robe
rPois   ∞          Reflect  .   (no helmet)
rElec   +          Harm     .   (no cloak)
rCorr   .          Rampage  .   (no gloves)
Will    .....                   n - +0 pair of boots
Stlth   +.........              (no amulet)
HPRegen 0.10/turn               m - ring of flight
MPRegen 0.09/turn               (no ring)

@: confused, ambrosia-drunk, flying
A: sickness immunity, AC +3, negative energy resistance 1, electricity
resistance, torment resistance 1, petrification resistance
a: no special abilities


You were on level 3 of the Dungeon.
You visited 1 branch of the dungeon, and saw 3 of its levels.

You collected 147 gold pieces.

Inventory:

Hand Weapons
 a - a +0 mace (weapon)
Missiles
 g - 2 datura-tipped darts (quivered)
Armour
 b - a +0 robe (worn)
 n - a +0 pair of boots (worn)
Jewellery
 m - a ring of flight (left hand)
Scrolls
 f - a scroll of vulnerability
 h - 2 scrolls of identify
 i - a scroll of fog
 j - a scroll of magic mapping {unknown}
 k - a scroll of amnesia {unknown}
 o - a scroll of teleportation {unknown}


   Skills:
 + Level 4.5 Fighting
 + Level 4.1 Maces & Flails
 - Level 2.4 Dodging
 - Level 2.1 Stealth


You had 3 spell levels left.
You didn't know any spells.
Your spell library contained the following spells:

 Spells                   Type           Power      Damage    Failure   Level
 Slow                     Hex            0%         N/A       36%         1
 Confusing Touch          Hex            0%         N/A       75%         3
 Vampiric Draining        Necr           0%         2d6       75%         3


Dungeon Overview and Level Annotations

Branches:
Dungeon (3/15)

Altars:

Annotations:
D:3 Robin


Innate Abilities, Weirdness & Mutations

You are immune to sickness and miasma.
Your stone body is resilient. (AC +3)
You are immune to poison.
You resist negative energy. (rN+)
You are resistant to electric shocks. (rElec)
You are resistant to unholy torment.
You are immune to petrification.


Message History

It was a potion of cancellation.
You feel magically purged. The goblin misses you.
The hobgoblin barely misses you. The goblin hits you but does no damage.
Robin hits you with a +0 whip.
The hobgoblin hits you but does no damage.
The air fills with toxic fumes!
As you read the scroll labelled IKIEFE LUKETI, it crumbles to dust.
It was a scroll of poison.
The hobgoblin misses you. The goblin hits you with a +0 club. x2
The hobgoblin hits you but does no damage.
Unknown command.
As you read the scroll labelled XOCAD FONLIME, it crumbles to dust.
The creatures around you are filled with an inner flame!
It was a scroll of immolation.
The hobgoblin hits you.
* * * LOW HITPOINT WARNING * * *
The goblin closely misses you. Robin hits you but does no damage.
The goblin barely misses you.
The hobgoblin hits you but does no damage.
Okay, then.
As you read the scroll labelled JEDEMEGOIQA, it crumbles to dust.
It is a scroll of identify.
f - a scroll of vulnerability The goblin hits you but does no damage.
Robin hits you with a +0 whip.
* * * LOW HITPOINT WARNING * * *
The hobgoblin closely misses you.
The hobgoblin hits you but does no damage.
The goblin hits you with a +0 club.
* * * LOW HITPOINT WARNING * * *
As you read the scroll labelled BUDO EKLEXINK, it crumbles to dust.
The scroll dissolves into smoke.
It was a scroll of fog.
The hobgoblin hits you but does no damage.
The goblin closely misses you. The goblin misses you. The hobgoblin misses you.
You are confused.
You feel invigorated. The goblin barely misses you.
The hobgoblin hits you but does no damage.
The goblin barely misses you. Robin hits you but does no damage.
The hobgoblin closely misses you. The hobgoblin hits you.
* * * LOW HITPOINT WARNING * * *
The goblin misses you. The goblin hits you with a +0 club.
You die...

#......# #.# §#§#.##......#
#.# §§§.##......# #.#
##§§.##......# #.# #
§§§.##......###.####
#g#§#§§.##......##......
.######☼#§§§§g##......##......
......§§§§§§ggg+.......'....>.
....?...###.#@##......##......
............#gg#......##......
............§§§§##.#####......
.........$.§§§§§##.# #......
..........§§§§☼§##.#####......
.........§§§§§§§§....)........
........§§§§§§§§§#.#####......
#######§§☼§§☼☼☼§§§............
#..........#.####.......


You could see Robin (inner flame), 2 hobgoblins and 3 goblins.

Vanquished Creatures
  An adder (D:2)
  4 dart slugs
  4 ball pythons
  9 bats
  5 endoplasms
  A giant cockroach (D:2)
  7 goblins
  6 hobgoblins
  6 kobolds
  2 quokkas
  12 frilled lizards
  3 rats (D:1)
60 creatures vanquished.

Vanquished Creatures (others)
  8 plants (D:2)
8 creatures vanquished.

Grand Total: 68 creatures vanquished

Notes
Turn   | Place    | Note
-------+----------+-------------------------------------------
     0 | D:1      | Bruhh the Gargoyle Monk began the quest for the Orb.
     0 | D:1      | Reached XP level 1. HP: 14/14 MP: 1/1
   268 | D:1      | Reached XP level 2. HP: 17/19 MP: 2/2
   657 | D:1      | Reached XP level 3. HP: 11/24 MP: 3/3
  1391 | D:2      | Found a faded altar of an unknown god.
  1987 | D:2      | Reached XP level 4. HP: 30/30 MP: 4/4
  2741 | D:3      | Noticed Robin
  2752 | D:3      | HP: 1/30 [goblin/+0 club[Robin] (2)]
  2755 | D:3      | Slain by a goblin

Illustrated notes

Levels and vault maps discovered:
D:1:      roderic_octagonal_star, layout_basic, minmay_statues_item
D:2:      layout_loops_corners, shapermc_ecumenical_altar_ellora,
          minmay_lizard_king
D:3:      layout_basic, lemuel_round_altar, minmay_misc_feat_rows, uniq_sigmund,
          uniq_robin

Skill      XL: |  1  2  3  4 |
---------------+-------------+-----
Fighting       | 4 |  4.5
Maces & Flails | 4 |  4.1
Dodging        | |  2.4
Stealth        | |  2.1

Action                   |  1- 3 |  4- 6 || total
-------------------------+-------+-------++-------
Melee: Mace              |   114 |    64 ||   178
       Punch             |     1 |     2 ||     3
  Use: Scroll            |       |     4 ||     4
       Potion            |       |     2 ||     2
 Stab: Sleeping          |     4 |     3 ||     7
Armor: Robe              |    48 |    47 ||    95
Dodge: Dodged            |    83 |    86 ||   169

Table legend: (Time is in decaauts)
 A = Elapsed time spent in this place.
 B = Non-inter-level travel time spent in this place.
 C = Inter-level travel time spent in this place.
 D = Time resting spent in this place.
 E = Time spent auto-exploring this place.
 F = Levels seen in this place.
 G = Mean time per level.
                   A        B        C        D        E       F      G
               +--------+--------+--------+--------+--------+-----+--------+
         Total |   2791 |   2737 |     54 |      0 |   2250 |   3 |  930.3 |
       Dungeon |   2791 |   2737 |     54 |      0 |   2250 |   3 |  930.3 |
               +--------+--------+--------+--------+--------+-----+--------+

Top non-repeatable levels by time:
     D:2: 1352 daAuts
     D:1: 1183 daAuts
     D:3: 256 daAuts
